 Dungeon Crawl Stone Soup version 0.24.0-13-gcf9b3192b9 (webtiles) character file.

Game seed: 16476757960214038602, levelgen mode: deterministic

101 Katsumi the Changer (level 4, 0/21 HPs)
             Began as a Felid Transmuter on Nov 9, 2019.
             Slain by a big kobold
             ... wielding the cursed +3 short sword "Qeasumif" {drain, rElec rF- Dex+2}
              (4 damage)
             ... on level 3 of the Dungeon.
             The game lasted 00:03:04 (3779 turns).

Katsumi the Changer (Felid Transmuter)              Turns: 3779, Time: 00:03:04

Health: 0/21       AC:  1    Str:  6    XL:     4   Next: 48%
Magic:  8/8        EV: 17    Int: 16    God:
Gold:   179        SH:  0    Dex: 16    Spells: 0/7 levels left
                                        Lives:  0   Deaths: 1

rFire    . . .     SeeInvis +     - Unarmed
rCold    . . .     Gourm    .   (shield unavailable)
rNeg     . . .     Faith    .   (armour unavailable)
rPois    .         Spirit   .   (helmet unavailable)
rElec    .         Reflect  .   (cloak unavailable)
rCorr    .         Harm     .   (gloves unavailable)
MR       .....                  (boots unavailable)
Stlth    ++........             (no amulet)
HPRegen  0.07/turn              (no ring)
MPRegen  0.11/turn              (no ring)

@: lethally poisoned (0 -> -10), lightly drained, quick
A: very small, no armour, no weapons or thrown items, stealth, claws 1, fangs 3,
see invisible, carnivore, speed 1, shaggy fur 1, slow metabolism 1, sharp paws
a: no special abilities


You were on level 3 of the Dungeon.
You were not hungry.

You visited 1 branch of the dungeon, and saw 3 of its levels.

You collected 179 gold pieces.

Inventory:

Missiles
 a - 59 arrows
Jewellery
 h - a +4 amulet of reflection
Scrolls
 b - a scroll of enchant weapon {unknown}
 d - 2 scrolls of enchant armour {unknown}
 e - 3 scrolls of identify {unknown}
 f - a scroll of immolation {unknown}
 g - 2 scrolls of remove curse {unknown}
 j - 2 scrolls of teleportation {unknown}
Potions
 i - 2 potions of flight {unknown}
Comestibles
 c - 3 rations


   Skills:
 - Level 3.0(2.5) Fighting
 - Level 2.6(2.2) Dodging
 - Level 3.0(2.5) Unarmed Combat
 - Level 2.0(1.5) Spellcasting
 + Level 5.5(4.9) Transmutations


You couldn't memorise any spells.
You knew the following spells:

 Your Spells              Type           Power        Failure   Level  Hunger
a - Beastly Appendage     Tmut           ###...       2%          1    ##.....
b - Sticks to Snakes      Tmut           ###.....     4%          2    ###....
c - Blade Hands           Tmut           ###.......   61%         5    ######.

Your spell library contained the following spells:

 Spells                   Type           Power        Failure   Level  Hunger
 Spider Form              Tmut/Pois      #.........   24%         3    ####...
 Ice Form                 Ice/Tmut       #.......     61%         4    #####..


Dungeon Overview and Level Annotations

Branches:
Dungeon (3/15)

Altars:

Annotations:
D:3 duckybubbers's ghost, amateur TeCj


Innate Abilities, Weirdness & Mutations

You cannot wear armour.
You are incapable of wielding weapons or throwing items.
Your paws allow you to move quietly. (Stealth)
You have sharp claws.
You have razor-sharp teeth.
You have supernaturally acute eyesight. (SInv)
You are carnivorous and can eat meat at any time.
You cover ground quickly.
You are covered in fur. (AC +1)
You have a slow metabolism.
Your sharp claws are effective at attacking unaware monsters.


Message History

The poisoned dart hits you!
You are more poisoned.
You feel sick. The kobold completely misses you.
You feel sick. The kobold closely misses you.
You feel sick.
You feel sick. The kobold misses you.
The big kobold hits you with the cursed +3 short sword "Qeasumif" {drain, rElec rF- Dex+2}.
You feel drained.
You feel sick. The kobold misses you. The big kobold closely misses you.
The kobold barely misses you. The kobold closely misses you.
The big kobold hits you with the cursed +3 short sword "Qeasumif" {drain, rElec rF- Dex+2}.
You feel drained.
The kobold hits you with a +0 dagger of flaming.
The kobold burns you.
* * * LOW HITPOINT WARNING * * *
* * * LOW HITPOINT WARNING * * *
You feel sick. Duckybubbers's ghost barely misses you. The kobold misses you.
The big kobold hits you with the cursed +3 short sword "Qeasumif" {drain, rElec rF- Dex+2}.
You die...

######.#.# .........###
.......#...
####.##.#.#.#####
.....#....†....$. #.
#..#..#)..#...# #.#
#.............. # #.#
#.(#..#........ #.
##.###....W@K......#
#..#........KK#K..#...#
#..#..###.##..#........
#.#.....###.##...........
...................#..#..
..#.###.###.#...##.#..# #
..#.###.###(#...#####.#
..#............##.⌠.# #
.......(..(.KKW#.#.#.


You could see a big kobold, duckybubbers's ghost and 3 kobolds.

Vanquished Creatures
  Sigmund (D:2)
  Terence (D:2)
  2 adders (D:2)
  An adder skeleton (D:3)
  A worm (D:2)
  A dart slug (D:1)
  2 leopard geckos
  A ball python (D:1)
  A giant cockroach (D:1)
  4 goblins
  5 hobgoblins
  3 bats
  6 frilled lizards
  8 kobolds
  2 rats (D:2)
39 creatures vanquished.

Notes
Turn   | Place    | Note
-------+----------+-------------------------------------------
     0 | D:1      | Katsumi the Felid Transmuter began the quest for the Orb.
     0 | D:1      | Reached XP level 1. HP: 9/9 MP: 4/4
   422 | D:1      | Reached XP level 2. HP: 13/13 MP: 3/6
   426 | D:1      | Learned a level 2 spell: Sticks to Snakes
  1229 | D:2      | Reached XP level 3. HP: 14/17 MP: 5/7
  1616 | D:2      | Noticed Sigmund
  2266 | D:2      | Noticed Terence
  2287 | D:2      | Killed Terence
  2287 | D:2      | Reached skill level 3 in Transmutations
  3322 | D:2      | Killed Sigmund
  3322 | D:2      | Reached skill level 5 in Transmutations
  3322 | D:2      | Reached XP level 4. HP: 21/21 MP: 1/8
  3322 | D:2      | Reached XP level 5. HP: 24/24 MP: 1/9
  3330 | D:2      | Learned a level 5 spell: Blade Hands
  3707 | D:3      | Found a runed translucent gate.
  3708 | D:3      | Found a runed translucent gate.
  3708 | D:3      | Noticed duckybubbers's ghost (amateur TeCj)
  3709 | D:3      | Found a runed translucent gate.
  3710 | D:3      | Identified the cursed +3 short sword "Qeasumif" {drain,
                  | rElec rF- Dex+2}
  3764 | D:3      | Asphyxiated
  3765 | D:3      | Reached XP level 4. HP: -3/21 MP: 5/8
  3779 | D:3      | Slain by a big kobold

Levels and vault maps discovered:
D:1:      dpeg_arrival_prison, layout_basic, serial_forest,
          infiniplex_forest_lined_room_, infiniplex_forest_clump_cross,
          infiniplex_forest_clump_long, infiniplex_forest_clump_medium,
          infiniplex_forest_lined_4_way, infiniplex_forest_diagonal,
          infiniplex_forest_end_3, solitary_fountain
D:2:      layout_loops_corners, kennysheep_crisscross, uniq_terence,
          uniq_sigmund
D:3:      layout_basic, first_ration, gammafunk_ghost_nasty_kobolds

Skill      XL: |  1  2  3 |
---------------+----------+-----
Fighting       | 2 3 |  3.0
Transmutations | 5 |  5.5
Dodging        | |  2.6
Unarmed Combat | |  3.0
Spellcasting   | |  2.0

Action                   |  1- 3 |  4- 6 || total
-------------------------+-------+-------++-------
Melee: Unarmed           |   104 |    31 ||   135
       Headbutt          |    16 |     3 ||    19
       Bite              |     9 |     1 ||    10
       Punch             |     1 |       ||     1
 Cast: Beastly Appendage |    35 |     4 ||    39
       Sticks to Snakes  |     9 |       ||     9
       Blade Hands       |       |     1 ||     1
  Use: Potion            |     1 |       ||     1
 Stab: Sleeping          |     1 |       ||     1
       Distracted        |     1 |       ||     1
  Eat: Chunk             |     6 |     1 ||     7
Armor: Skin              |     6 |     3 ||     9
Dodge: Dodged            |    75 |    35 ||   110
